 Dungeon Crawl Stone Soup version 0.23-b1-13-gf37ab262a9 (webtiles) character file.

Game seed: 16412899458137860668

245 Peloso the Shield-Bearer (level 5, 0/48 HPs)
             Began as a Minotaur Fighter on Feb 2, 2019.
             Slain by an iguana (4 damage)
             ... on level 4 of the Dungeon.
             The game lasted 00:04:10 (2642 turns).

Peloso the Shield-Bearer (Minotaur Fighter)         Turns: 2642, Time: 00:04:11

Health: 0/48       AC: 10    Str: 20    XL:     5   Next: 83%
Magic:  4/4        EV:  5    Int:  5    God:
Gold:   176        SH: 10    Dex: 11    Spells: 4/4 levels left

rFire    + . .     SeeInvis .   a - +0 long sword
rCold    x . .     Gourm    .   c - +0 shield
rNeg     . . .     Faith    .   n - +0 chain mail
rPois    .         Spirit   .   (helmet restricted)
rElec    .         Reflect  .   (no cloak)
rCorr    .         Harm     .   m - +0 pair of gloves
MR       .....                  (no boots)
Stlth    ..........             (no amulet)
HPRegen  0.16/turn              l - ring of fire
MPRegen  0.09/turn              (no ring)

@: no status effects
A: retaliatory headbutt, horns 2
a: no special abilities


You were on level 4 of the Dungeon.
You were hungry.

You visited 1 branch of the dungeon, and saw 4 of its levels.

You collected 176 gold pieces.

Inventory:

Hand Weapons
 a - a +0 long sword (weapon)
Armour
 b - a +0 scale mail
 c - a +0 shield (worn)
 m - a +0 pair of gloves (worn)
 n - a +0 chain mail (worn)
Jewellery
 l - a ring of fire (left hand)
 o - an uncursed ring of wizardry {unknown}
 u - an uncursed ring of fire
Wands
 s - a wand of flame (15)
Scrolls
 e - a scroll of enchant armour {unknown}
 g - 3 scrolls of teleportation {unknown}
 h - a scroll of blinking {unknown}
 i - a scroll of fear {unknown}
 j - 4 scrolls of identify {unknown}
 t - 2 scrolls of enchant weapon {unknown}
 v - a scroll of immolation {unknown}
 w - a scroll of noise {unknown}
 y - a scroll of random uselessness {unknown}
Potions
 d - a potion of might
 k - a potion of berserk rage {unknown}
 p - a potion of cancellation {unknown}
 q - 3 potions of curing {unknown}
 r - a potion of heal wounds {unknown}
 x - a potion of degeneration {unknown}
Comestibles
 f - 3 rations


   Skills:
 + Level 5.0 Fighting
 + Level 4.6 Long Blades
 + Level 4.7 Armour
 + Level 0.4 Dodging
 + Level 0.1 Stealth
 + Level 5.0 Shields


You had 4 spell levels left.
You didn't know any spells.
Your spell library was empty.

Dungeon Overview and Level Annotations

Branches:
Dungeon (4/15)
 Temple: D:4-7

Altars:
Fedhas


Innate Abilities, Weirdness & Mutations

You reflexively headbutt those who attack you in melee.
You have a pair of horns on your head.


Message History

Found 21 stones.
An iguana comes into view.
The iguana hisses angrily.
The iguana moves out of view.
An orc and an orc priest come into view.
The orc shouts!
You see here 8 gold pieces.
There are monsters nearby!
There are monsters nearby!
An orc priest comes into view. It is wielding a +0 falchion.
The orc priest calls down the wrath of Beogh upon you.
Beogh smites you!
* * * LOW HITPOINT WARNING * * *
The iguana bites you.
* * * LOW HITPOINT WARNING * * *
You block the iguana's attack. You block the orc's attack.
You hit the orc.
The orc is almost dead.
The iguana bites you.
You die...

##...#......(
......#......... ...
......#.#..##... ...
................# ....
..).....##...##.# .....
.))[......##....###.....
..##........##....o.....
..#####.......##.oo.....
..# ###......l@.......
..########..............
........####....#+######
.†......# #.$..#
........# #....+
........# #....#
#'###+#....##+### #.<.#
..#. #...+ .+


You could see an iguana, 2 orc priests and an orc.

Vanquished Creatures
  A scorpion (D:4)
  A howler monkey (D:3)
  4 gnolls (D:3)
  5 adders
  A worm (D:2)
  2 dart slugs
  2 leopard geckos (D:3)
  5 orcs
  4 bats
  3 giant cockroaches
  3 hobgoblins
  2 jackals (D:2)
  9 kobolds
  2 quokkas (D:3)
  2 ball pythons (D:3)
  5 frilled lizards
  8 goblins
  3 rats
62 creatures vanquished.

Notes
Turn   | Place    | Note
-------+----------+-------------------------------------------
     0 | D:1      | Peloso the Minotaur Fighter began the quest for the Orb.
     0 | D:1      | Reached XP level 1. HP: 19/19 MP: 0/0
   232 | D:1      | Reached XP level 2. HP: 24/27 MP: 1/1
   858 | D:2      | Reached XP level 3. HP: 14/34 MP: 2/2
  1042 | D:2      | Reached XP level 4. HP: 23/41 MP: 3/3
  1598 | D:3      | Found a blossoming altar of Fedhas.
  1939 | D:3      | Reached XP level 5. HP: 47/47 MP: 4/4
  2590 | D:4      | Reached skill level 5 in Shields
  2617 | D:4      | Reached skill level 5 in Fighting
  2642 | D:4      | Slain by an iguana

Skill      XL: |  1  2  3  4  5 |
---------------+----------------+-----
Fighting       | 4 5 |  5.0
Long Blades    | 3 4 |  4.6
Armour         | 4 |  4.7
Shields        | 4 5 |  5.0
Dodging        | |  0.4
Stealth        | |  0.1

Action                   |  1- 3 |  4- 6 || total
-------------------------+-------+-------++-------
Melee: Long sword        |    69 |   112 ||   181
       Headbutt          |    12 |    18 ||    30
  Use: Scroll            |       |     1 ||     1
  Eat: Chunk             |       |     5 ||     5
Armor: Scale mail        |     2 |       ||     2
       Chain mail        |    38 |    79 ||   117
Dodge: Dodged            |    16 |    22 ||    38
Block: Shield            |    51 |    70 ||   121
       Rpst.: Long sword |     3 |     6 ||     9
